 Dungeon Crawl Stone Soup version 0.30-a0-223-gcb0039aa0c (webtiles) character file.

Game seed: 868402543131575106

113 greasedhog the Conjurer (level 4, -3/26 HPs)
             Began as a Gargoyle Conjurer on Oct 9, 2022.
             Killed by divine providence
             ... invoked by an orc priest
              (8 damage)
             ... on level 3 of the Dungeon.
             The game lasted 00:04:22 (2736 turns).

greasedhog the Conjurer (Gargoyle Conjurer)         Turns: 2736, Time: 00:04:23

Health: -3/26      AC:  8    Str: 11    XL:     4   Next: 96%
Magic:  2/8        EV: 11    Int: 20    God:
Gold:   139        SH:  0    Dex:  8    Spells: 2/9 levels left

rFire   . . .      SeeInvis .    g - +0 club
rCold   . . .      Faith    .    (no shield)
rNeg    + . .      Spirit   .    a - +0 robe
rPois   ∞          Reflect  .    n - +0 helmet
rElec   +          Harm     .    c - +0 cloak
rCorr   .          Rampage  .    (no gloves)
Will    .....                    e - +0 pair of boots
Stlth   +.........               (no amulet)
HPRegen 0.24/turn                (no ring)
MPRegen 0.11/turn                (no ring)

@: confused
A: sickness immunity, AC +3, negative energy resistance 1, electricity
resistance, torment resistance 1, petrification resistance
a: no special abilities


You were on level 3 of the Dungeon.
You visited 1 branch of the dungeon, and saw 3 of its levels.

You collected 139 gold pieces.

Inventory:

Hand Weapons
 g - a +0 club (weapon)
Armour
 a - a +0 robe (worn)
 c - a +0 cloak (worn)
 e - a +0 pair of boots (worn)
 n - a +0 helmet (worn)
Scrolls
 i - a scroll of enchant armour
 o - a scroll of amnesia
 p - a scroll of teleportation {unknown}
Potions
 b - a potion of magic
 d - a potion of berserk rage
 f - a potion of degeneration {unknown}
 h - a potion of haste {unknown}
 j - a potion of ambrosia {unknown}
 k - 2 potions of lignification {unknown}
 l - 2 potions of curing {unknown}
 m - 2 potions of attraction {unknown}


   Skills:
 + Level 1.8 Fighting
 - Level 1.5 Dodging
 - Level 2.1 Stealth
 * Level 3.2 Spellcasting
 * Level 5.4 Conjurations


You had 2 spell levels left.
You knew the following spells:

 Your Spells              Type           Power      Damage    Failure   Level
a - Magic Dart            Conj           100%       1d8       1%          1
b - Searing Ray           Conj           50%        2d6       2%          2
c - Iskenderun's Mystic   Conj/Tloc      14%        2d5       41%         4

Your spell library contained the following spells:

 Spells                   Type           Power      Damage    Failure   Level
 Dazzling Flash           Conj/Hex       28%        N/A       14%         3
 Fulminant Prism          Conj/Hex       7%         3d7       41%         4


Dungeon Overview and Level Annotations

Branches:
Dungeon (3/15)

Altars:


Innate Abilities, Weirdness & Mutations

You are immune to sickness and miasma.
Your stone body is resilient. (AC +3)
You are immune to poison.
You resist negative energy. (rN+)
You are resistant to electric shocks. (rElec)
You are resistant to unholy torment.
You are immune to petrification.


Message History

Casting: Magic Dart (safe; 1% risk of failure)
Confirm with . or Enter, or press ? or * to list all spells.
You can't see any susceptible monsters within range! (Use Z to cast anyway.)
Casting: Magic Dart (safe; 1% risk of failure)
Confirm with . or Enter, or press ? or * to list all spells.
Aiming: Searing Ray (safe; 2% risk of failure)
Press: ? - help, Shift-Dir - straight line, f - orc
Aim: an orc, wielding a +0 mace (79% to hit)
The searing ray hits the orc priest.
The orc priest is heavily wounded.
The searing ray misses the orc. (Press . to maintain the ray.)
The searing ray hits the orc priest.
The orc priest is severely wounded.
The searing ray hits the orc!
You kill the orc!
The searing ray hits something!
The searing ray misses the orc priest.
The orc priest hits you but does no damage.
The searing ray misses the orc priest.
You finish channelling your searing ray.
The orc priest misses you.
You hit the orc priest.
The orc priest is almost dead.
The orc priest hits you with a +0 flail.
You hear some strange, mumbled words.
You are confused.
You bump into the rock wall.
The orc priest hits you with a +0 flail!
Something hits you but does no damage.
You bump into the rock wall.
Something hits you but does no damage. The orc priest barely misses you.
You bump into the rock wall.
The orc priest hits you with a +0 flail!
* * * LOW HITPOINT WARNING * * *
Something hits you.
* * * LOW HITPOINT WARNING * * *
The orc priest mumbles some strange prayers to Beogh against you.
Beogh smites you!
You die...

.. .. ... .# .... .# ....†
.######
......#############.#.....
.....{o.................#
.....>....######.<......#
##.#.####.######........#
# ###..).o.@..........
...........{##..........
##...................###
#############.......#
#########


You could see an orc priest.

Vanquished Creatures
  An orc wizard (D:2)
  A gnoll (D:1)
  An adder (D:2)
  3 worms
  2 dart slugs
  5 orcs
  5 ball pythons
  3 endoplasms (D:1)
  A giant cockroach (D:1)
  4 goblins (D:1)
  5 hobgoblins
  3 kobolds
  3 quokkas (D:2)
  5 bats
  5 frilled lizards
  7 rats
54 creatures vanquished.

Vanquished Creatures (others)
  3 fungi (D:1)
  8 plants (D:1)
  3 toadstools (D:3)
14 creatures vanquished.

Grand Total: 68 creatures vanquished

Notes
Turn   | Place    | Note
-------+----------+-------------------------------------------
     0 | D:1      | greasedhog the Gargoyle Conjurer began the quest for the
                  | Orb.
     0 | D:1      | Reached XP level 1. HP: 10/10 MP: 3/3
   301 | D:1      | Reached XP level 2. HP: 16/16 MP: 3/5
   411 | D:1      | Learned a level 2 spell: Searing Ray
   577 | D:1      | Reached skill level 1 in Fighting
   577 | D:1      | Reached XP level 3. HP: 20/20 MP: 0/6
   787 | D:1      | Found a faded altar of an unknown god.
  1211 | D:2      | Reached skill level 5 in Conjurations
  1744 | D:2      | Reached XP level 4. HP: 24/25 MP: 1/8
  2686 | D:3      | Learned a level 4 spell: Iskenderun's Mystic Blast
  2736 | D:3      | Killed from afar by an orc priest

Illustrated notes

Levels and vault maps discovered:
D:1:      roderic_dead_forest, layout_loops_ring, shapermc_ecumenical_altar_gd
D:2:      layout_loops_corners
D:3:      layout_loops_ring, regret_index_temple_of_mockery, fedhas_altar_1,
          nicolae_overflow_crystal_walls, minmay_gold_behind_fungi,
          hangedman_decor_peaks_small, uniq_robin

Skill      XL: |  1  2  3  4 |
---------------+-------------+-----
Fighting       | 1 |  1.8
Conjurations   | 5 |  5.4
Spellcasting   | 3 |  3.2
Dodging        | |  1.5
Stealth        | |  2.1

Action                   |  1- 3 |  4- 6 || total
-------------------------+-------+-------++-------
Melee: Unarmed           |     7 |       ||     7
       Club              |    16 |    10 ||    26
 Cast: Magic Dart        |    73 |    23 ||    96
       Searing Ray       |     2 |     3 ||     5
  Use: Scroll            |     4 |     1 ||     5
Armor: Robe              |    10 |    19 ||    29
Dodge: Dodged            |    26 |     8 ||    34

Table legend: (Time is in decaauts)
 A = Elapsed time spent in this place.
 B = Non-inter-level travel time spent in this place.
 C = Inter-level travel time spent in this place.
 D = Time resting spent in this place.
 E = Time spent auto-exploring this place.
 F = Levels seen in this place.
 G = Mean time per level.
                   A        B        C        D        E       F      G
               +--------+--------+--------+--------+--------+-----+--------+
         Total |   2744 |   2688 |     56 |    311 |   2022 |   3 |  914.7 |
       Dungeon |   2744 |   2688 |     56 |    311 |   2022 |   3 |  914.7 |
               +--------+--------+--------+--------+--------+-----+--------+

Top non-repeatable levels by time:
     D:2: 1413 daAuts
     D:1: 1212 daAuts
     D:3: 119 daAuts
